 Dungeon Crawl Stone Soup version 0.24-a0-317-g5cb8de4b22 (webtiles) character file.

Game seed: 13758248497900020271

739 HAL9000 the Ruffian (level 7, 0/52 HPs)
             Began as a Grey Draconian Transmuter on May 16, 2019.
             Killed from afar by an orc wizard (10 damage)
             ... with a magic dart
             ... on level 5 of the Dungeon.
             The game lasted 00:09:53 (5123 turns).

HAL9000 the Ruffian (Grey Draconian Transmuter)     Turns: 5123, Time: 00:09:54

Health: 0/52       AC:  0    Str: 10    XL:     7   Next: 46%
Magic:  8/10       EV: 19    Int: 14    God:
Gold:   224        SH:  0    Dex: 17    Spells: 4/10 levels left

rFire    . . .     SeeInvis .     - Unarmed
rCold    . . .     Gourm    .   (shield currently unavailable)
rNeg     . . .     Faith    .   (armour unavailable)
rPois    x         Spirit   .   (helmet currently unavailable)
rElec    .         Reflect  .   (cloak currently unavailable)
rCorr    .         Harm     .   (gloves currently unavailable)
MR       .....                  (boots currently unavailable)
Stlth    ++........             (no amulet)
HPRegen  0.17/turn              i - -2 ring of protection (curse)
MPRegen  0.12/turn              j - -3 ring of strength (curse)

@: spider-form (expiring)
A: tiny, (walk through water), unfitting armour, AC +11
a: End Transformation


You were on level 5 of the Dungeon.
You were very hungry.
You were a venomous arachnid creature.
You visited 1 branch of the dungeon, and saw 5 of its levels.

You collected 224 gold pieces.

Inventory:

Missiles
 a - 53 arrows
 h - 9 atropa-tipped darts (quivered)
 o - 15 poisoned darts
 v - 3 javelins
Jewellery
 i - a cursed -2 ring of protection (left front leg)
 j - a cursed -3 ring of strength (right front leg)
 k - a +2 ring of evasion
 p - a +4 ring of intelligence
 x - an uncursed ring of positive energy {unknown}
Wands
 f - a wand of digging (3)
Scrolls
 d - a scroll of fog
 g - 2 scrolls of teleportation
 w - a scroll of amnesia {unknown}
Potions
 b - 5 potions of agility
 e - a potion of might {unknown}
 l - a potion of lignification {unknown}
 m - 2 potions of berserk rage {unknown}
 n - 2 potions of haste {unknown}
 q - 2 potions of curing {unknown}
 r - a potion of flight {unknown}
 s - a potion of degeneration {unknown}
 t - a potion of brilliance {unknown}
 u - a potion of heal wounds {unknown}
Comestibles
 c - 8 rations


   Skills:
 - Level 1.1 Fighting
 - Level 1.7 Dodging
 + Level 7.4 Unarmed Combat
 - Level 2.0 Spellcasting
 * Level 5.1 Transmutations


You had 4 spell levels left.
You knew the following spells:

 Your Spells              Type           Power        Failure   Level  Hunger
a - Beastly Appendage     Tmut           ###...       11%         1    ##.....
b - Sticks to Snakes      Tmut           ###.....     13%         2    ###....
c - Spider Form           Tmut/Pois      #.........   47%         3    ####...

Your spell library contained the following spells:

 Spells                   Type           Power        Failure   Level  Hunger
 Ice Form                 Ice/Tmut       #.......     82%         4    #####..
 Blade Hands              Tmut           ###.......   82%         5    ######.


Dungeon Overview and Level Annotations

Branches:
Dungeon (5/15)
 Temple: D:4-7

Altars:

Shops:
D:4 !


Innate Abilities, Weirdness & Mutations

((You can walk through water.))
((Your dull iron-grey scales are very hard. (AC +11)))
You cannot fit into any form of body armour.
((You can survive without breathing.))
((You are cold-blooded and may be slowed by cold attacks.))


Message History

Unknown command.
You bite the centaur!
The centaur is poisoned.
The centaur is moderately wounded.
The centaur hits you. The orc barely misses you. The orc completely misses you.
You hit the centaur.
The centaur looks as sick as possible!
The centaur is heavily wounded.
Your transformation is almost over.
The centaur closely misses you. The orc hits you with a cursed +0 whip.
* * * LOW HITPOINT WARNING * * *
The centaur hits you.
* * * LOW HITPOINT WARNING * * *
The orc closely misses you.
You bite the centaur!
You kill the centaur!
Your Transmutations skill increases to level 5!
The orc misses you.
Unknown command.
The orc wizard casts a spell at you. The magic dart hits you!
You die...

#### . # ...## #.# ... #.
#..#####..
....#.########.#......
....o..o.........###.# .
.....oo.s.((##....##.###.
....##)####..####.##.##..
. #. ##..# #.##.##.# #.
#..##..#.##.. #.
#..##.#..... #.
#.##......# #.
#.......... #.
######..... .........##


You could see an orc wizard and 3 orcs.

Vanquished Creatures
  An ogre (D:4)
  A centaur (D:5)
  A scorpion (D:2)
  A centaur zombie (D:4)
  A crimson imp (D:3)
  A hound (D:2)
  A bullfrog skeleton (D:4)
  An orc wizard (D:4)
  Terence (D:3)
  3 worker ants
  A hound zombie (D:5)
  A hound skeleton (D:4)
  A worker ant zombie (D:5)
  6 gnolls
  5 adders
  An ooze (D:3)
  6 worms
  6 dart slugs
  4 leopard geckos
  4 orcs (D:4)
  4 bats
  3 giant cockroaches
  4 goblins
  11 hobgoblins
  4 jackals (D:4)
  3 kobolds
  2 quokkas
  6 ball pythons
  9 frilled lizards
  A leopard gecko skeleton (D:4)
  A quokka zombie (D:5)
  11 rats
106 creatures vanquished.

Notes
Turn   | Place    | Note
-------+----------+-------------------------------------------
     0 | D:1      | HAL9000 the Draconian Transmuter began the quest for the
                  | Orb.
     0 | D:1      | Reached XP level 1. HP: 16/16 MP: 3/3
   335 | D:1      | Reached XP level 2. HP: 19/23 MP: 3/5
   979 | D:1      | Reached XP level 3. HP: 28/28 MP: 6/6
  1198 | D:1      | Learned a level 2 spell: Sticks to Snakes
  1202 | D:1      | Learned a level 3 spell: Spider Form
  1307 | D:2      | Reached skill level 4 in Unarmed Combat
  1399 | D:2      | Noticed a scorpion
  1421 | D:2      | Reached XP level 4. HP: 24/35 MP: 0/7
  1993 | D:2      | Reached skill level 5 in Unarmed Combat
  1993 | D:2      | Reached XP level 5. HP: 27/40 MP: 4/8
  2665 | D:2      | Found a faded altar of an unknown god.
  3115 | D:3      | Noticed Terence
  3142 | D:3      | Killed Terence
  3142 | D:3      | Reached XP level 6. HP: 44/47 MP: 6/9
  3572 | D:4      | Reached skill level 6 in Unarmed Combat
  4369 | D:4      | Found Ciyd's Distillery.
  4520 | D:4      | Your scales start taking on a dull iron-grey colour.
  4520 | D:4      | Reached XP level 7. HP: 52/52 MP: 4/10
  4520 | D:4      | Gained mutation: You can survive without breathing. [Grey
                  | Draconian growth]
  4709 | D:4      | Reached skill level 7 in Unarmed Combat
  4983 | D:5      | Entered Level 5 of the Dungeon
  5122 | D:5      | Reached skill level 5 in Transmutations
  5123 | D:5      | Killed from afar by an orc wizard

Levels and vault maps discovered:
D:1:      scummos_arrival_hexagon, layout_loops_ring, hangedman_decor_push
D:2:      layout_basic, first_ration, chequers_ecumenical_altar_grove
D:3:      layout_rooms, uniq_terence
D:4:      layout_cave_pods, serial_shops, shop_statue
D:5:      layout_rooms, marbit_many_paths

Skill      XL: |  1  2  3  4  5  6  7 |
---------------+----------------------+-----
Unarmed Combat | 4 5 6 7 |  7.4
Transmutations | 3 4 5 |  5.1
Fighting       | |  1.1
Dodging        | |  1.7
Spellcasting   | |  2.0

Action                   |  1- 3 |  4- 6 |  7- 9 || total
-------------------------+-------+-------+-------++-------
Melee: Unarmed           |    87 |   256 |    48 ||   391
       Kick              |     7 |     4 |     2 ||    13
       Tailslap          |     5 |    10 |     5 ||    20
       Punch             |       |     3 |     1 ||     4
       Headbutt          |       |     1 |       ||     1
 Cast: Beastly Appendage |    14 |     7 |     2 ||    23
       Spider Form       |     2 |    14 |     1 ||    17
 Abil: End Transformatio |       |     3 |     1 ||     4
  Use: Scroll            |       |     4 |       ||     4
 Stab: Sleeping          |     2 |     1 |       ||     3
  Eat: Chunk             |     2 |    12 |     2 ||    16
Armor: Skin              |    26 |    35 |    16 ||    77
Dodge: Dodged            |    50 |   180 |    30 ||   260

Table legend:
 A = Non-vault XP
 B = Vault XP
 C = Vault XP percentage of total XP
 D = Non-vault monster count
 E = Vault monster count
 F = Vault count percentage of total count
                 A         B        C        D         E       F
            +---------+---------+-------+---------+---------+-------
      Total |    1019 |      38 |   3.6 |     105 |       1 |   0.9
            +---------+---------+-------+---------+---------+-------
        D:1 |      70 |       0 |   0.0 |      23 |       0 |   0.0
        D:2 |     205 |       0 |   0.0 |      22 |       0 |   0.0
        D:3 |     137 |      38 |  21.7 |      31 |       1 |   3.1
        D:4 |     417 |       0 |   0.0 |      24 |       0 |   0.0
        D:5 |     190 |       0 |   0.0 |       5 |       0 |   0.0
            +---------+---------+-------+---------+---------+-------
